 Dungeon Crawl Stone Soup version 0.31-a0-167-g1c394c0614 (webtiles) character file.

Game seed: 12097580201175803485

305 qw the Chopper (level 6, -2/38 HPs)
             Began as a Gargoyle Fighter on June 14, 2023.
             Slain by a wight
             ... wielding a +3 flail
              (5 damage)
             ... on level 4 of the Dungeon.
             The game lasted 00:01:38 (3259 turns).

qw the Chopper (Gargoyle Fighter)                   Turns: 3259, Time: 00:01:38

Health: -2/38      AC: 11    Str: 21    XL:     6   Next: 39%
Magic:  6/6        EV:  9    Int:  9    God:
Gold:   282        SH:  4    Dex:  9    Spells: 5/5 levels left

rFire   . . .        Y - +0 war axe
rCold   . . .        c - +0 buckler
rNeg    + . .        b - +0 scale mail
rPois   inf          (no helmet)
rElec   +            (no cloak)
rCorr   .            (no gloves)
SInv    .            (no boots)
Will    .....        (no amulet) Stlth
                     (no ring)
HPRegen 0.26/turn    (no ring)
MPRegen 0.10/turn

%: no passive effects
@: no status effects
A: sickness immunity, AC +4, negative energy resistance 1, electricity
resistance, torment resistance 1, petrification resistance
a: no special abilities


You were on level 4 of the Dungeon.
You visited 1 branch of the dungeon, and saw 4 of its levels.

You collected 282 gold pieces.


Innate Abilities, Weirdness & Mutations

You are immune to sickness and miasma.
Your stone body is resilient. (AC +4)
You are immune to poison.
You resist negative energy. (rN+)
You are resistant to electric shocks. (rElec)
You are resistant to unholy torment.
You are immune to petrification.


   Skills:
 - Level 4.0 Fighting
 + Level 5.4 Axes
 - Level 3.2 Armour
 - Level 1.0 Dodging
 - Level 3.2 Shields


You had 5 spell levels left.
You didn't know any spells.
Your spell library was empty.

Inventory:

Hand Weapons
 h - a +0 mace
 Y - a +0 war axe (weapon)
Armour
 b - a +0 scale mail (worn)
 c - a +0 buckler (worn)
Jewellery
 a - an amulet of faith
Scrolls
 f - a scroll of amnesia {unknown}
 g - a scroll of identify
Potions
 d - 3 potions of might
 e - a potion of lignification
 i - 2 potions of heal wounds {unknown}
 j - a potion of resistance

Dungeon Overview and Level Annotations

Branches:
Dungeon (4/15)
 Temple: D:4-7

Altars:
Elyvilon
Qazlal

Annotations:
D:3 exclusion: 2 quokkas


Message History

Enter note:
Enter note:
Enter note: 3 wights come into view.
Enter note:
Enter note:
Enter note:
Enter note:
Enter note:
Enter note:
Enter note:
Enter note: The wight barely misses you.
The wight completely misses you.
Enter note:
Enter note:
Enter note:
Enter note:
Enter note:
Enter note:
Enter note:
Enter note: You barely miss the wight.
The wight hits you with a +3 dagger. The wight closely misses you.
You hit the wight.
The wight is moderately damaged.
You hit the wight. The wight hits you but does no damage.
The wight hits you with a +3 dagger. You block the wight's attack.
You slash the wight!
The wight is almost destroyed.
You hit the wight but do no damage.
The wight hits you from afar with a +2 spear.
The wight hits you with a +3 flail!
You slash the wight!
You destroy the wight!
You closely miss the wight. You block the wight's attack.
The wight hits you with a +3 flail.
The wight hits you from afar with a +2 spear!
The wight hits you with a +3 flail.
You die...

.## ....##... #
.......# #.....##
##......#### #.......
..........###.......
#.........#...#.....
#....z.#..#.#.#.....
#.z)# #...........
##.@## ###...)......
#....###............
#......#.....#..##..
#............##.[...
#........#...##.....
#....##.####.####....
##........#### #....
######..## #.... ####
#.....


You could see 2 wights.

Vanquished Creatures
  A sky beast (D:3)
  A wight (D:4)
  An orc priest (D:4)
  2 orc wizards (D:4)
  4 gnolls (D:4)
  2 adders
  A worm (D:3)
  A dart slug (D:2)
  2 orcs (D:4)
  9 ball pythons
  6 endoplasms
  2 giant cockroaches (D:1)
  11 goblins
  6 hobgoblins
  3 kobolds
  6 quokkas
  4 bats
  3 frilled lizards (D:1)
  7 rats
72 creatures vanquished.

Notes
Turn   | Place    | Note
-------+----------+-------------------------------------------
     0 | D:1      | qw the Gargoyle Fighter began the quest for the Orb.
     0 | D:1      | Reached XP level 1. HP: 14/14 MP: 1/1
     0 | D:1      | 0 ||| qw: Version: 0.2-a-29-g1fa15c8
     0 | D:1      | 0 ||| qw: Game counter: 5146
     0 | D:1      | 0 ||| qw: Always use a shield: true
     0 | D:1      | 0 ||| qw: God list: Okawaru
     0 | D:1      | 0 ||| qw: Allow faded altars: false
     0 | D:1      | 0 ||| qw: Do Orc after D:15 true
     0 | D:1      | 0 ||| qw: Do second Lair branch before Depths: true
     0 | D:1      | 0 ||| qw: Lair rune preference: random
     0 | D:1      | 0 ||| qw: Plans: Normal, Zot:1-4, Slime:5, God:TSO, Crypt,
                  | Tomb, Abyss, Pan, Hells, Win
     0 | D:1      | 0 ||| PLANNING D:1-11
    47 | D:1      | Reached skill level 2 in Axes
   104 | D:1      | Reached XP level 2. HP: 19/19 MP: 2/2
   391 | D:1      | 391 ||| DROPPING +0 club.
   566 | D:1      | Reached skill level 3 in Axes
   667 | D:1      | Reached XP level 3. HP: 21/23 MP: 3/3
   907 | D:1      | 907 ||| READING scroll labelled RYJAIGOCWEU.
   908 | D:1      | 908 ||| DRINKING 2 bubbling dark potions.
   916 | D:1      | 916 ||| DROPPING potion of ambrosia.
  1397 | D:2      | 1397 ||| Stepping ~*~*~tactically~*~*~ (hiding).
  1865 | D:2      | 1865 ||| DROPPING +6 ring of intelligence.
  1866 | D:2      | 1866 ||| READING 2 scrolls labelled URAIM IW UJYLA.
  1871 | D:2      | 1871 ||| READING 2 scrolls labelled WUSSYD MEPSISK.
  1886 | D:3      | 1886 ||| Stepping ~*~*~tactically~*~*~ (stealth).
  1890 | D:3      | 1890 ||| Stepping ~*~*~tactically~*~*~ (stealth).
  1891 | D:3      | 1891 ||| Stepping ~*~*~tactically~*~*~ (stealth).
  1895 | D:3      | Reached XP level 4. HP: 28/28 MP: 4/4
  1898 | D:3      | 1898 ||| Stepping ~*~*~tactically~*~*~ (stealth).
  1914 | D:3      | Found a stormy altar of Qazlal.
  1914 | D:3      | Noticed a sky beast
  1937 | D:3      | Killed a sky beast
  1938 | D:3      | Reached skill level 4 in Axes
  1938 | D:3      | Reached XP level 5. HP: 24/32 MP: 5/5
  2380 | D:3      | Found a white marble altar of Elyvilon.
  2410 | D:3      | Reached skill level 5 in Axes
  2426 | D:3      | Found a faded altar of an unknown god.
  2427 | D:3      | 2427 ||| READING 5 scrolls of identify.
  2427 | D:3      | 2427 ||| IDENTIFYING blue potion
  2689 | D:3      | 2689 ||| READING 4 scrolls of identify.
  2689 | D:3      | 2689 ||| IDENTIFYING inky potion
  2690 | D:3      | 2690 ||| READING 3 scrolls of identify.
  2690 | D:3      | 2690 ||| IDENTIFYING murky yellow potion
  2691 | D:3      | 2691 ||| READING 2 scrolls of identify.
  2691 | D:3      | 2691 ||| IDENTIFYING sapphire potion
  2692 | D:3      | 2692 ||| DROPPING potion of degeneration.
  2777 | D:4      | 2777 ||| Stepping ~*~*~tactically~*~*~ (hiding).
  2778 | D:4      | 2778 ||| Stepping ~*~*~tactically~*~*~ (hiding).
  2780 | D:4      | 2780 ||| Stepping ~*~*~tactically~*~*~ (hiding).
  2792 | D:4      | HP: 8/33 [orc priest/divine providence (12)]
  2793 | D:4      | 2793 ||| READING scroll of teleportation.
  2818 | D:4      | 2818 ||| DRINKING potion of curing.
  2818 | D:4      | 2818 ||| (to cure confusion)
  2820 | D:4      | Reached skill level 1 in Dodging
  2820 | D:4      | Reached XP level 6. HP: 27/38 MP: 6/6
  2836 | D:4      | 2836 ||| FLEEEEING.
  2838 | D:4      | 2838 ||| FLEEEEING.
  2839 | D:4      | 2839 ||| FLEEEEING.
  2841 | D:4      | 2841 ||| FLEEEEING.
  2842 | D:4      | 2842 ||| FLEEEEING.
  2843 | D:4      | 2843 ||| FLEEEEING.
  2844 | D:4      | 2844 ||| FLEEEEING.
  2848 | D:4      | 2848 ||| FLEEEEING.
  2849 | D:4      | 2849 ||| Stepping ~*~*~tactically~*~*~ (hiding).
  2869 | D:4      | 2869 ||| Stepping ~*~*~tactically~*~*~ (stealth).
  2920 | D:4      | 2920 ||| FLEEEEING.
  2921 | D:4      | 2921 ||| Stepping ~*~*~tactically~*~*~ (stealth).
  2985 | D:4      | 2985 ||| Stepping ~*~*~tactically~*~*~ (hiding).
  2986 | D:4      | 2986 ||| Stepping ~*~*~tactically~*~*~ (hiding).
  2987 | D:4      | 2987 ||| Stepping ~*~*~tactically~*~*~ (hiding).
  2988 | D:4      | 2988 ||| Stepping ~*~*~tactically~*~*~ (hiding).
  2989 | D:4      | 2989 ||| Stepping ~*~*~tactically~*~*~ (hiding).
  3006 | D:4      | HP: 8/38 [orc priest/divine providence (13)]
  3259 | D:4      | HP: 3/38 [wight/+2 spear (9)]
  3259 | D:4      | Slain by a wight

Levels and vault maps discovered:
D:1:      dpeg_arrival_rooms_b, layout_basic
D:2:      layout_basic, lightli_corner_chamber
D:3:      layout_loops_ring, nicolae_qazlal_beasts_of_the_sky,
          mainiacjoe_overflow_concentric_impassable,
          chequers_ecumenical_altar_island
D:4:      layout_cave_pools, kennysheep_generic_room_10

Skill      XL: |  1  2  3  4  5 |
---------------+----------------+-----
Axes           | 2 3 4 5 |  5.4
Fighting       | 4 |  4.0
Dodging        | 1 |  1.0
Armour         | |  3.2
Shields        | |  3.2

Action                     |  1- 3 |  4- 6 || total
---------------------------+-------+-------++-------
  Melee: War axe           |   126 |   131 ||   257
    Use: Scroll            |     3 |     5 ||     8
         Potion            |     1 |     1 ||     2
 Armour: Scale mail        |    36 |    64 ||   100
  Dodge: Dodged            |    57 |    55 ||   112
  Block: Buckler           |    24 |    24 ||    48

Table legend:
 A = Non-vault XP
 B = Vault XP
 C = Vault XP percentage of total XP
 D = Non-vault monster count
 E = Vault monster count
 F = Vault count percentage of total count
                 A         B        C        D         E       F
            +---------+---------+-------+---------+---------+-------
      Total |     379 |     129 |  25.4 |      71 |       1 |   1.4
            +---------+---------+-------+---------+---------+-------
        D:1 |      45 |       0 |   0.0 |      26 |       0 |   0.0
        D:2 |      36 |       0 |   0.0 |      14 |       0 |   0.0
        D:3 |      24 |     129 |  84.3 |      14 |       1 |   6.7
        D:4 |     274 |       0 |   0.0 |      17 |       0 |   0.0
            +---------+---------+-------+---------+---------+-------
